 Dungeon Crawl Stone Soup version 0.28.0-43-g3370ac3207 (webtiles) character file.

Game seed: 8929355703490437034

29417 smarlow the Thaumaturge (level 13, -7/93 HPs)
             Began as a Djinni Conjurer on Mar 4, 2022.
             Was a High Priest of Makhleb.
             Shot with an arrow by a centaur warrior (20 damage)
             ... on level 13 of the Dungeon.
             The game lasted 00:47:39 (13538 turns).

smarlow the Thaumaturge (Djinni Conjurer)          Turns: 13538, Time: 00:47:39

Health: -7/93      AC:  7    Str: 18    XL:     13   Next: 80%
Gold:   958        EV: 11    Int: 25    God:    Makhleb [*****.] SH:  6 Dex: 12

rFire   + + .      SeeInvis .   F - staff of conjuration
rCold   x . .      Faith    .   K - +1 buckler
rNeg    + . .      Spirit   .   v - +1 leather armour of the Will of the Gods {Harm Rampage Str+8 Slay-3}
rPois   ∞          Reflect  .   (no helmet)
rElec   .          Harm     +   C - +0 cloak
rCorr   +          Rampage  +   G - +0 pair of gloves
Will    +....                   (boots unavailable)
Stlth   +.........              j - amulet of regeneration
HPRegen 1.05/turn               d - ring of resist corrosion
MPRegen 0.00/turn               t - ring "Fetyoc" {rN+ rCorr Str+4}

@: about to teleport, flying
A: sickness immunity, fire resistance 2, cold vulnerability 1, float, innate
caster, HP casting, extra vitality 1
a: Renounce Religion, Minor Destruction, Lesser Servant of Makhleb, Major
Destruction, Greater Servant of Makhleb


You were on level 13 of the Dungeon.
You worshipped Makhleb.
Makhleb was extremely pleased with you.
You visited 2 branches of the dungeon, and saw 14 of its levels.
You also visited: Ice Cave.

You collected 1108 gold pieces.
You spent 150 gold pieces at shops.

Inventory:

Hand Weapons
 D - a +2 hand axe of flaming
Armour
 a - a +0 robe
 n - a +1 scale mail of cold resistance
 v - the +1 leather armour of the Will of the Gods (worn) {Harm Rampage Str+8 Slay-3}
   (You took it off a gnoll shaman on level 5 of the Dungeon)

   Str:       It affects your strength (+8).
   Slay:      It affects your accuracy & damage with ranged weapons and melee
   (-3).
   Harm:      It increases damage dealt and taken.
   Rampage:   It bestows one free step when moving towards enemies.
 C - a +0 cloak (worn)
 G - a +0 pair of gloves (worn)
 K - a +1 buckler (worn)
Magical Staves
 F - a staff of conjuration (weapon)
Jewellery
 d - a ring of resist corrosion (left hand)
 j - an amulet of regeneration (around neck)
 t - the ring "Fetyoc" (right hand) {rN+ rCorr Str+4}
   (You found it in an ice cave)

   [ring of positive energy]

   Str:       It affects your strength (+4).
   rN:        It protects you from negative energy.
   rCorr:     It protects you from acid and corrosion.
 B - an amulet of the acrobat
Wands
 h - a wand of flame (15)
 H - a wand of iceblast (17)
 I - a wand of polymorph (5)
Scrolls
 g - 2 scrolls of noise
 i - 2 scrolls of teleportation
 k - 7 scrolls of vulnerability
 o - 5 scrolls of enchant weapon
 p - a scroll of fog {unknown}
 s - 5 scrolls of immolation
 u - 3 scrolls of amnesia
 y - a scroll of holy word
 A - a scroll of enchant armour
Potions
 b - 6 potions of mutation {unknown}
 c - 3 potions of flight
 e - 3 potions of ambrosia {unknown}
 f - 5 potions of curing
 l - 2 potions of brilliance {unknown}
 m - 5 potions of heal wounds
 q - 2 potions of haste
 r - 2 potions of berserk rage {unknown}
 w - a potion of lignification {unknown}
 x - 3 potions of might
 z - 3 potions of attraction {unknown}
 E - a potion of magic {unknown}
 J - a potion of degeneration {unknown}
 L - a potion of resistance {unknown}


   Skills:
 + Level 8.5 Fighting
 - Level 2.3 Axes
 + Level 8.5 Armour
 - Level 2.1 Dodging
 - Level 1.5 Stealth
 + Level 5.4 Shields
 * Level 12.0 Spellcasting
 + Level 7.4 Invocations
 + Level 7.3 Evocations


You had 5 spell levels left.
You knew the following spells:

 Your Spells              Type           Power      Damage    Failure   Level
a - Magic Dart            Conj           100%       1d8       1%          1
b - Searing Ray           Conj           100%       2d8       1%          2
c - Dazzling Flash        Conj/Hex       100%       N/A       1%          3
d - Fulminant Prism       Conj/Hex       42%        3d20      1%          4
e - Iskenderun's Mystic   Conj/Tloc      85%        2d17      1%          4
f - Animate Skeleton      Necr           100%       N/A       1%          1
g - Ensorcelled Hibernat  Hex/Ice        100%       N/A       1%          2
h - Call Imp              Summ           66%        N/A       1%          2
i - Ozocubu's Armour      Ice            66%        N/A       1%          3
j - Olgreb's Toxic Radia  Pois           66%        N/A       1%          4
k - Manifold Assault      Tloc           66%        N/A       1%          5
Your spell library was empty.

Dungeon Overview and Level Annotations

Branches:
Dungeon (13/15)            Temple (1/1) D:6            Lair (0/6) D:8
    Orc (0/2) D:10          IceCv (visited)
 Vaults: D:13-14

Altars:
Ashenzari
Cheibriados
Dithmenos
Elyvilon
Fedhas
Gozag
Hepliaklqana
Kikubaaqudgha
Makhleb
Nemelex Xobeh
Okawaru
Qazlal
Ru
Sif Muna
Trog
Uskayaw
Vehumet
Wu Jian
Xom
Yredelemnul
Zin
The Shining One
Jiyva

Shops:
D:2 [*   D:5 [=:=   D:11 (

Annotations:
D:5 1 runed translucent door, mortz's ghost, amateur HuCj
D:9 4 transporters, mrw3rdna's ghost, novice OgFE


Innate Abilities, Weirdness & Mutations

You are immune to sickness and miasma.
You are immune to poison.
Your flesh is very heat resistant. (rF++)
You are vulnerable to cold. (rC-)
You float through the air rather than walking.
You learn spells naturally, not from books.
Your magical power is your life essence.
You have superior vitality. (+4 MHP)


Message History

Found a ring mail.
You see here a +0 pair of gloves.
A centaur warrior comes into view.
Casting: Fulminant Prism (safe; 1% risk of failure)
Confirm with . or Enter, or press ? or * to list all spells.
Aiming: Fulminant Prism (safe; 1% risk of failure)
Press: ? - help, Dir - move target
Okay, then.
The centaur warrior wields a +0 longbow.
The centaur warrior shoots an arrow.
The arrow hits you.
The centaur warrior shoots an arrow.
The arrow barely misses you.
Casting: Fulminant Prism (safe; 1% risk of failure)
Confirm with . or Enter, or press ? or * to list all spells.
Aiming: Fulminant Prism (safe; 1% risk of failure)
Press: ? - help, Dir - move target You feel a surge of power!
You conjure a prism of explosive energy!
A fulminant prism comes into view.
Casting: Fulminant Prism (safe; 1% risk of failure)
Confirm with . or Enter, or press ? or * to list all spells.
Aiming: Magic Dart (safe; 1% risk of failure)
Press: ? - help, Shift-Dir - straight line, f - centaur warrior
Aim: a centaur warrior, wielding a +0 longbow and quivering arrows (ally target, 100% to hit)
You feel a surge of power!
The magic dart hits the centaur warrior.
The centaur warrior is lightly wounded.
The centaur warrior shoots an arrow.
You block the arrow.
The centaur warrior shoots an arrow.
The arrow hits you!!
Your fulminant prism crackles loudly.
The centaur warrior shoots an arrow.
The arrow hits you!
Your fulminant prism explodes!
The blast of energy engulfs the centaur warrior!
The centaur warrior is lightly wounded.
You hear a shout! x7
As you read the scroll of teleportation, it crumbles to dust.
You feel strangely unstable.
The centaur warrior shoots an arrow.
The arrow hits you!!
* * * LOW HITPOINT WARNING * * *
The centaur warrior shoots an arrow.
The arrow hits you!
You die...

...........# ...........#
.!.......c.####
............... .
......$...... .
...........# #..# #
...........# ....
...........# #..#
........@..# #..#
........[..# #..#
...........# #..#
...........#######..#####
.........................
.........................
###..................####
...[...≈§§......#.###
....≈≈≈§§§§≈§.....#


You could see a centaur warrior.

Vanquished Creatures
  A boulder beetle (D:13)
  A catoblepas (D:13)
  3 hydras
  A centaur warrior (D:13)
  A two-headed ogre (D:11)
  2 ugly things (IceCv)
  4 cyclopes
  A necromancer (IceCv)
  2 deep elf pyromancers
  3 slime creatures (D:11)
  Joseph (D:8)
  An ice statue (IceCv)
  A gargoyle (D:11)
  Psyche (D:10)
  A kobold demonologist (D:11)
  3 freezing wraiths (IceCv)
  Maggie (D:7)
  An unseen horror (D:11)
  3 anaconda simulacra (IceCv)
  11 ice devils (IceCv)
  2 entropy weaver simulacra (IceCv)
  A troll (D:12)
  A vampire (D:11)
  5 wraiths
  A dire elephant simulacrum (IceCv)
  A wyvern (D:10)
  Eustachio (D:6)
  24 yaks
  2 humans (D:12)
  4 vampire mosquitoes (D:12)
  3 steam dragons
  5 death yak simulacra (IceCv)
  A harpy simulacrum (IceCv)
  3 acid dragons
  5 water moccasins
  5 orc warriors
  Duvessa (D:6)
  A black bear (D:4)
  An ice beast (D:7)
  3 ogres
  5 centaurs
  A phantom (D:7)
  4 kobold brigands
  A scorpion (D:5)
  A two-headed ogre simulacrum (IceCv)
  A water moccasin zombie (D:4)
  4 cane toad simulacra (IceCv)
  Dowan (D:6)
  2 elephant simulacra (IceCv)
  3 killer bees (D:10)
  A howler monkey (D:12)
  6 electric eels (D:7)
  9 centaur zombies
  2 hounds (D:6)
  A jelly (D:6)
  4 gnoll shamans
  Crazy Yiuf (D:6)
  7 orc priests
  7 orc wizards
  5 polar bear simulacra (IceCv)
  A spriggan simulacrum (IceCv)
  4 wolf simulacra (IceCv)
  A howler monkey zombie (D:8)
  11 adders
  19 gnolls
  2 howler monkey skeletons
  2 naga simulacra (IceCv)
  4 white imps
  2 ufetubi
  An adder skeleton (D:4)
  A worm (D:2)
  A dart slug (D:1)
  43 orcs
  6 endoplasms
  A giant cockroach (D:2)
  4 goblins
  8 hobgoblins
  2 jackals (D:2)
  A quokka (D:3)
  6 ball pythons
  6 bats
  A frilled lizard (D:3)
  18 kobolds
  A quokka skeleton (D:4)
  5 rats
330 creatures vanquished.

Vanquished Creatures (collateral kills)
  A two-headed ogre (D:12)
  An orc wizard (D:10)
  A howler monkey zombie (D:10)
  11 white imps (D:12)
14 creatures vanquished.

Vanquished Creatures (others)
  A slime creature (D:13)
  74 fulminant prisms
  13 plants (D:7)
88 creatures vanquished.

Grand Total: 432 creatures vanquished

Notes
Turn   | Place    | Note
-------+----------+-------------------------------------------
     0 | D:1      | smarlow the Djinni Conjurer began the quest for the Orb.
     0 | D:1      | Reached XP level 1. HP: 15/15 MP: 0/0
   127 | D:1      | Reached XP level 2. HP: 13/21 MP: 0/0
   973 | D:1      | Reached XP level 3. HP: 22/25 MP: 0/0
   973 | D:1      | Learned a level 1 spell: Animate Skeleton
  1154 | D:2      | Reached skill level 4 in Spellcasting
  1187 | D:2      | Found Qepiar Fyg's Armour Boutique.
  1351 | D:2      | Reached XP level 4. HP: 20/31 MP: 0/0
  1661 | D:2      | Found Etiarph's Assorted Antiques.
  2281 | D:2      | Bought a brown potion for 17 gold pieces
  2281 | D:2      | Bought a scroll labelled LUTUZAO JOQEACUM for 19 gold
                  | pieces
  2469 | D:3      | Reached XP level 5. HP: 29/35 MP: 0/0
  2469 | D:3      | Learned a level 2 spell: Ensorcelled Hibernation
  3341 | D:4      | Reached skill level 5 in Spellcasting
  3377 | D:4      | You are sucked into a shaft and drop 2 floors!
  3503 | D:6      | Noticed Eustachio
  3517 | D:6      | Killed Eustachio
  3518 | D:6      | Reached XP level 6. HP: 24/40 MP: 0/0
  3650 | D:6      | Reached skill level 6 in Spellcasting
  3689 | D:6      | Noticed an ogre
  3699 | D:6      | Killed an ogre
  3700 | D:6      | Reached XP level 7. HP: 42/45 MP: 0/0
  3700 | D:6      | Learned a level 2 spell: Call Imp
  3739 | D:6      | Noticed a steam dragon
  3767 | D:5      | Entered Level 5 of the Dungeon
  3771 | D:5      | Noticed mortz's ghost (amateur HuCj)
  3772 | D:5      | Found a runed translucent door.
  3853 | D:5      | Found Govits's Weapon Boutique.
  3890 | D:5      | Found Fietweim's Book Shoppe.
  3945 | D:5      | Reached skill level 7 in Spellcasting
  3956 | D:5      | Reached XP level 8. HP: 44/50 MP: 0/0
  3996 | D:5      | Found Xoneodd's Jewellery Shop.
  3998 | D:5      | Identified the +1 leather armour of the Will of the Gods
                  | {Harm Rampage Str+8 Slay-3}
  4089 | D:5      | Found a glowing silver altar of Zin.
  4242 | D:5      | Found Hoohaj's Jewellery Emporium.
  4313 | D:5      | Found Hasuc's Armour Shop.
  4667 | D:4      | Reached skill level 1 in Fighting
  4667 | D:4      | Reached skill level 1 in Armour
  4964 | D:6      | Found a runed translucent door.
  4965 | D:6      | Noticed Crazy Yiuf
  5287 | D:6      | Noticed a yak
  5288 | D:6      | Noticed a yak
  5288 | D:6      | Noticed a yak
  5288 | D:6      | Noticed a yak
  5288 | D:6      | Noticed a yak
  5288 | D:6      | Noticed a yak
  5302 | D:6      | Killed a yak
  5303 | D:6      | Reached skill level 8 in Spellcasting
  5309 | D:6      | Killed a yak
  5309 | D:6      | Killed a yak
  5310 | D:6      | Reached XP level 9. HP: 33/59 MP: 0/0
  5310 | D:6      | Learned a level 3 spell: Ozocubu's Armour
  5408 | D:6      | Found a staircase to the Ecumenical Temple.
  5414 | Temple   | Entered the Ecumenical Temple
  5731 | Temple   | Became a worshipper of Makhleb the Destroyer
  5791 | D:6      | Noticed Dowan
  5792 | D:6      | Noticed Duvessa
  5798 | D:6      | Killed Dowan
  5801 | D:6      | Killed Duvessa
  6283 | D:6      | Killed Crazy Yiuf
  6504 | D:2      | Bought a glowing hand axe for 114 gold pieces
  6692 | D:7      | Reached skill level 9 in Spellcasting
  6767 | D:7      | Reached skill level 1 in Invocations
  6777 | D:7      | Reached skill level 1 in Evocations
  6800 | D:7      | Reached skill level 1 in Axes
  6803 | D:7      | Reached XP level 10. HP: 36/69 MP: 0/0
  6888 | D:7      | Noticed Maggie
  6900 | D:7      | Killed Maggie
  7038 | D:7      | Reached * piety under Makhleb
  7679 | D:8      | Reached skill level 5 in Fighting
  7679 | D:8      | Reached skill level 5 in Armour
  8278 | D:8      | Noticed Joseph
  8292 | D:8      | Killed Joseph
  8405 | D:8      | Found a staircase to the Lair.
  8485 | D:8      | Reached ** piety under Makhleb
  8744 | D:9      | Found a transporter.
  8860 | D:9      | Found a transporter.
  8864 | D:9      | Found a viscous altar of Jiyva.
  8865 | D:9      | Noticed a glowing orange brain
  9078 | D:9      | Noticed a rakshasa
  9114 | D:9      | Reached XP level 11. HP: 74/76 MP: 0/0
  9114 | D:9      | Learned a level 4 spell: Olgreb's Toxic Radiance
  9216 | D:9      | Found a transporter.
  9223 | D:9      | Noticed mrw3rdna's ghost (novice OgFE)
  9226 | D:9      | Found a transporter.
  9307 | D:9      | Reached skill level 10 in Spellcasting
  9900 | D:10     | Entered Level 10 of the Dungeon
  9911 | D:10     | Noticed a deep elf pyromancer
  9920 | D:10     | Killed a deep elf pyromancer
 10166 | D:10     | Found a staircase to the Orcish Mines.
 10193 | D:10     | Noticed Psyche
 10196 | D:10     | Killed Psyche
 10776 | D:11     | Reached skill level 1 in Shields
 10776 | D:11     | Reached skill level 5 in Invocations
 10928 | D:11     | Noticed a cyclops
 10931 | D:11     | Noticed a cyclops
 10941 | D:11     | Noticed a cyclops
 10942 | D:11     | Noticed a four-headed hydra
 10942 | D:11     | Noticed a two-headed ogre
 10955 | D:11     | Killed a cyclops
 10956 | D:11     | Reached skill level 5 in Evocations
 10956 | D:11     | Reached XP level 12. HP: 81/84 MP: 0/0
 10961 | D:11     | Reached *** piety under Makhleb
 10992 | D:11     | Killed a four-headed hydra
 10998 | D:11     | Reached skill level 11 in Spellcasting
 10999 | D:11     | Killed a two-headed ogre
 11193 | D:11     | Found Atwos's Weapon Shoppe.
 11553 | D:12     | Noticed a two-headed ogre
 11559 | D:12     | Killed a two-headed ogre
 11589 | D:12     | Found a frozen archway.
 11649 | IceCv    | Entered an ice cave
 11724 | IceCv    | Reached **** piety under Makhleb
 11811 | IceCv    | Reached XP level 13. HP: 92/92 MP: 0/0
 11811 | IceCv    | Learned a level 5 spell: Manifold Assault
 12263 | IceCv    | Reached ***** piety under Makhleb
 12333 | IceCv    | Identified the ring "Fetyoc" {rN+ rCorr Str+4}
 12545 | D:12     | Reached skill level 5 in Shields
 12555 | D:12     | Noticed a five-headed hydra
 12556 | D:12     | Noticed a seven-headed hydra
 12560 | D:12     | Killed a five-headed hydra
 12562 | D:12     | Killed a seven-headed hydra
 12664 | D:12     | Found an iron altar of Okawaru.
 12934 | D:13     | Noticed a centaur warrior
 12958 | D:13     | Killed a centaur warrior
 13103 | D:13     | Noticed a catoblepas
 13103 | D:13     | Noticed a boulder beetle
 13146 | D:13     | Killed a boulder beetle
 13147 | D:13     | Reached skill level 12 in Spellcasting
 13186 | D:13     | Killed a catoblepas
 13533 | D:13     | Noticed a centaur warrior
 13538 | D:13     | Shot with an arrow by a centaur warrior

Illustrated notes

Levels and vault maps discovered:
D:1:      psy_arrival_radial01, layout_basic, serial_curves, eino_curves_02,
          eino_curves_02, eino_curves_03, nrook_mini_vaults, st_stairs_5
D:2:      layout_loops_ring, serial_shops, shop_fountains, shop,
          minmay_pentomino_v4
D:3:      layout_loops_cross, minmay_hedge_maze
D:4:      layout_basic
D:5:      layout_rooms, lemuel_coloured_pillars_altar, general_overflow_altar,
          serial_shops, nicolae_take_the_stairs, shop, kennysheep_little_box,
          shop, shop, hellmonk_ghost_happy_afterlife, kennysheep_generic_room_6
D:6:      layout_loops_corners, minmay_temple_entry_enclosed_plants,
          uniq_crazy_yiuf_cottage, uniq_duvessa, uniq_eustachio
D:7:      layout_rooms, chequers_hall_statues_y, serial_bayou_lake_a,
          uniq_maggie
D:8:      layout_loops_corners, lair_entry_dummy, uniq_joseph
D:9:      gammafunk_jiyva_shrine, layout_layer_cave, gammafunk_ghost_arena
D:10:     layout_long_grid, hiddenorc1_lemuel, uniq_psyche
D:11:     layout_irregular_city, serial_shops, nicolae_shop_trees,
          minmay_joined_circles
D:12:     layout_loops_ring, portal_ice_cave_entry_imps, okawaru_humans
D:13:     minmay_connected_triangles_in_corner, layout_small_grid,
          hangedman_vaults_entry_quadrant_bands, minmay_misc_feat_cross,
          serial_bayou_pond_e, minmay_lindwurm_lava
Temple:   mainiacjoe_temple_cubbyholes

Skill      XL: |  1  2  3  4  5  6  7  8  9 10 11 12 13 |
---------------+----------------------------------------+-----
Spellcasting   | 4 5 6 7 8 9 10 11 12 | 12.0
Fighting       | 2 4 5 6 7 8 |  8.5
Armour         | 2 4 5 6 7 8 |  8.5
Invocations    | 1 3 5 6 7 |  7.4
Evocations     | 1 3 5 6 7 |  7.3
Axes           | 1 2 |  2.3
Shields        | 1 4 5 |  5.4
Dodging        | |  2.1
Stealth        | |  1.5

Action                   |  1- 3 |  4- 6 |  7- 9 | 10-12 | 13-15 || total
-------------------------+-------+-------+-------+-------+-------++-------
Melee: Hand axe          |       |       |     1 |       |       ||     1
       Staff             |       |       |       |     3 |       ||     3
 Cast: Magic Dart        |    45 |    70 |    93 |   241 |    36 ||   485
       Searing Ray       |       |     7 |     6 |    17 |     7 ||    37
       Fulminant Prism   |       |     3 |    10 |    37 |    24 ||    74
       Iskenderun's Myst |       |     3 |    30 |    94 |    46 ||   173
       Ozocubu's Armour  |       |       |       |     1 |       ||     1
       Animate Skeleton  |       |       |       |     2 |       ||     2
       Olgreb's Toxic Ra |       |       |       |     1 |       ||     1
       Call Imp          |       |       |       |     1 |       ||     1
  Use: Scroll            |       |     4 |     1 |    11 |     2 ||    18
Armor: Robe              |       |     4 |       |       |       ||     4
       Leather armour    |       |       |     2 |    12 |     2 ||    16
       Skin              |       |       |       |     1 |       ||     1
Dodge: Dodged            |     2 |    14 |     8 |    30 |     8 ||    62
Block: Buckler           |       |       |       |     7 |     5 ||    12
